cohdb
Replays
Latest Replays
All Replays
Popular Replays
Top Player Replays
Match Explorer
How It Works
Community
CoH3 Stats
Reddit
Sign in to upload your games and track your stats! →
Sign in with Steam
Match 43466857
Unlisted
Match 43466857
Overview
Messages
Build Orders
End
Panzergrenadier Squad
250 Light Carrier
Panzergrenadier Squad
250 Light Carrier
Construct Light Support Kompanie
Combat Half-tracks
Construct Mechanized Kompanie
Selects Italian Infantry
Selects Italian Infantry
Selects Guastatori Squad
Selects L6/40 Light Tank Combat Group
L6/40 Light Tank Combat Group
Panzerjäger Mechanized Group
Veteran Squad Leaders
254 Reconnaissance Tractor
Guastatori Squad
Guastatori Squad
254 Reconnaissance Tractor
Construct Panzerarmee Kommand
Chikage
嫂子开门我是我哥
Jeremy
JT
Masang
Sponge Bob
Devos
CalmSassarShow
0
0
Comments
sign in to comment!
No comments posted yet!